 Dungeon Crawl Stone Soup version 0.28-a0-1235-g7c8fac35f0 (webtiles) character file.

Game seed: 4160319689035284879

0 Gargoyl the Skirmisher (level 1, -15/23 HPs)
             Began as a Gnoll Abyssal Knight on Dec 25, 2021.
             Was a Follower of Lugonu.
             Demolished by a large abomination (21 damage)
             ... on level 2 of the Abyss.
             The game lasted 00:00:17 (78 turns).

Gargoyl the Skirmisher (Gnoll Abyssal Knight)         Turns: 78, Time: 00:00:18

Health: -15/23     AC:  3    Str: 12    XL:     1   Next: 0%
Magic:  3/3        EV: 12    Int:  9    God:    Lugonu [*.....]
Gold:   0          SH:  0    Dex: 12    Spells: 0/0 levels left

rFire   . . .      SeeInvis .   a - +1 hand axe
rCold   . . .      Faith    .   (no shield)
rNeg    . . .      Spirit   .   b - +0 leather armour
rPois   .          Reflect  .   (no helmet)
rElec   .          Harm     .   (no cloak)
rCorr   .          Rampage  .   (no gloves)
Will    .....                   (no boots)
Stlth   +.........              (no amulet)
HPRegen 0.07/turn               (no ring)
MPRegen 0.08/turn               (no ring)

@: no status effects
A: fangs 1, strong nose, distributed training
a: Renounce Religion, Depart the Abyss


You were on level 2 of the Abyss.
You worshipped Lugonu.
Lugonu was aware of your devotion.
You visited 0 branches of the dungeon, and saw 0 of its levels.
You visited the Abyss 1 time.

Inventory:

Hand Weapons
 a - a +1 hand axe (weapon)
Armour
 b - a +0 leather armour (worn)


   Skills:
 + Level 6.4 Fighting
 + Level 0.0 Short Blades
 + Level 0.0 Long Blades
 + Level 4.4 Axes
 + Level 0.0 Maces & Flails
 + Level 0.0 Polearms
 + Level 0.0 Staves
 + Level 0.0 Slings
 + Level 0.0 Bows
 + Level 0.0 Crossbows
 + Level 0.0 Throwing
 + Level 4.4 Armour
 + Level 2.3 Dodging
 + Level 0.0 Stealth
 + Level 0.0 Shields
 + Level 0.0 Unarmed Combat
 + Level 0.0 Spellcasting
 + Level 0.0 Conjurations
 + Level 0.0 Hexes
 + Level 0.0 Summonings
 + Level 0.0 Necromancy
 + Level 0.0 Translocations
 + Level 0.0 Transmutations
 + Level 0.0 Fire Magic
 + Level 0.0 Ice Magic
 + Level 0.0 Air Magic
 + Level 0.0 Earth Magic
 + Level 0.0 Poison Magic
 + Level 4.4 Invocations
 + Level 0.0 Evocations


You couldn't memorise any spells.
You didn't know any spells.
Your spell library was empty.

Dungeon Overview and Level Annotations

Branches:
Dungeon (0/15)

Altars:


Innate Abilities, Weirdness & Mutations

You have very sharp teeth.
Your uncanny sense of smell can sniff out nearby items.
Your experience applies equally to all skills.


Message History

c - a scroll labelled XOEVIV HETREI
Found a gateway leading deeper into the Abyss.
As you read the scroll labelled XOEVIV HETREI, it crumbles to dust.
It is a scroll of identify.
You don't have any unidentified items.
Found a large glass ring.
There is a gateway leading deeper into the Abyss here.
You plunge deeper into the Abyss.
Found a dyed leather armour.
Found 18 bolts.
Found a gateway leading out of the Abyss.
Found a gateway leading out of the Abyss.
A tentacled starspawn comes into view.
You hit the tentacled starspawn.
The tentacled starspawn is lightly damaged.
The tentacled starspawn bites you.
The tentacled starspawn barely misses you.
Unknown command.
A large abomination comes into view.
Tentacles burst from the starspawn's body! 2 starspawn tentacles come into view.
You hit the large abomination but do no damage.
Your bite misses the large abomination.
You hit the starspawn tentacle but do no damage. x2
The large abomination barely misses you.
The large abomination hits you!
Ouch! That really hurt!
* * * LOW HITPOINT WARNING * * *
The starspawn tentacle closely misses you. 2 raiju come into view.
The raiju barks! x2
The raiju bursts into living lightning!
The living lightning misses you.
The raiju blinks!
Unknown command.
Unknown command.
Unknown command.
The large abomination closely misses you.
The large abomination hits you!!
Ouch! That really hurt!
You die...

# ## ....# # .# . .
#...#. #.#.# .#... .
..#.#.#...# . ..... #.
..#....##.#####...#
.... ........
.....#.#.#
#.....#.#.[#..##.......
. .#. .# #...h.#..# ..
#.#..#.#.###X..#
.#.....##@#....# #
.#..####.h.#.....#.#
#.. ###.....#.#..#..#..
# # ..##..#.###...## ∩
. #..##.####.#.# #.
..##.## ....## .(..
..#.#h### #.. .# ∆ . .
.. ##...#.∩..#. .# .# #
#. .. ..#


You could see a large abomination.

Vanquished Creatures (others)
  2 starspawn tentacles (Abyss:2)
2 creatures vanquished.

Notes
Turn   | Place    | Note
-------+----------+-------------------------------------------
     0 | Abyss:1  | Gargoyl the Gnoll Abyssal Knight began the quest for the
                  | Orb.
     0 | Abyss:1  | Reached XP level 1. HP: 23/23 MP: 3/3
    55 | Abyss:2  | Noticed a tentacled starspawn
    57 | Abyss:2  | Noticed a large abomination
    61 | Abyss:2  | Noticed a raiju
    61 | Abyss:2  | Noticed a raiju
    78 | Abyss:2  | Demolished by a large abomination

Illustrated notes

Levels and vault maps discovered:
Abyss:2:  base:
Temple

Action                   || total
-------------------------++-------
Melee: Hand axe          ||     2
  Use: Scroll            ||     1
Dodge: Dodged            ||     5

Table legend: (Time is in decaauts)
 A = Elapsed time spent in this place.
 B = Non-inter-level travel time spent in this place.
 C = Inter-level travel time spent in this place.
 D = Time resting spent in this place.
 E = Time spent auto-exploring this place.
 F = Levels seen in this place.
 G = Mean time per level.
                   A        B        C        D        E       F      G
               +--------+--------+--------+--------+--------+-----+--------+
         Total |     78 |     78 |      0 |      0 |     39 |   2 |   39.0 |
         Abyss |     78 |     78 |      0 |      0 |     39 |   2 |   39.0 |
               +--------+--------+--------+--------+--------+-----+--------+

Top non-repeatable levels by time:
 Abyss:2: 64 daAuts
 Abyss:1: 14 daAuts
